 Dungeon Crawl Stone Soup version 0.22.0-75-g3901e79 (webtiles) character file.

33 whitewolfNL the Firebug (level 3, -3/19 HPs)
             Began as a Gargoyle Fire Elementalist on Sept 11, 2018.
             Slain by a worm (5 damage)
             ... on level 2 of the Dungeon.
             The game lasted 00:07:45 (1487 turns).

whitewolfNL the Firebug (GrFE)                      Turns: 1487, Time: 00:07:46

Health: -3/19      AC:  9    Str: 11    XL:     3   Next: 29%
Magic:  1/6        EV: 10    Int: 16    God:
Gold:   55         SH:  0    Dex: 10    Spells: 6/7 levels left

rFire    . . .     SeeInvis .   f - +0 club
rCold    . . .     Gourm    .   (no shield)
rNeg     + . .     Faith    .   d - +0 ring mail
rPois    ∞         Spirit   .   (no helmet)
rElec    +         Reflect  .   a - +0 cloak
rCorr    .         Harm     .   (no gloves)
MR       .....                  (no boots)
Stlth    +.........             (no amulet)
HPRegen  0.06/turn              (no ring)
MPRegen  0.10/turn              (no ring)

@: very slightly contaminated
A: negative energy resistance 1, electricity resistance, unbreathing,
petrification resistance, rot immunity, AC +3
a: no special abilities


You were on level 2 of the Dungeon.
You were not hungry.

You visited 1 branch of the dungeon, and saw 2 of its levels.

You collected 55 gold pieces.

Inventory:

Hand Weapons
 f - a +0 club (weapon)
 k - a +0 spear
Missiles
 i - 28 stones (quivered)
Armour
 a - a +0 cloak (worn)
 d - a +0 ring mail (worn)
 j - a +0 scale mail
Scrolls
 b - a scroll of remove curse {unknown}
 c - a scroll of teleportation {unknown}
 h - 2 scrolls of identify {unknown}
Potions
 e - a potion of ambrosia {unknown}
 l - a potion of cancellation {unknown}
Comestibles
 g - 3 chunks of flesh


   Skills:
 * Level 0.9 Armour
 + Level 1.8 Dodging
 * Level 2.2 Stealth
 + Level 2.5 Spellcasting
 + Level 1.1 Conjurations
 * Level 3.4 Fire Magic


You had 6 spell levels left.
You knew the following spells:

 Your Spells              Type           Power        Failure   Level  Hunger
a - Flame Tongue          Conj/Fire      #....        19%         1    #......

Your spell library contained the following spells:

 Spells                   Type           Power        Failure   Level  Hunger
 Throw Flame              Conj/Fire      #.....       28%         2    ##.....
 Conjure Flame            Conj/Fire      #.......     50%         3    ###....
 Inner Flame              Hex/Fire       #.......     56%         3    ###....
 Sticky Flame             Conj/Fire      #.......     88%         4    #####..
 Fireball                 Conj/Fire      #.........   99%         5    ######.


Dungeon Overview and Level Annotations

Branches:
Dungeon (2/15)

Altars:


Innate Abilities, Weirdness & Mutations

You are resistant to torment.
Your stone body is resilient. (AC +3)
You are immune to poison.
You resist negative energy. (rN+)
You are resistant to electric shocks. (rElec)
You can survive without breathing.
You are immune to petrification.
You are immune to rotting.


Message History

You are very lightly contaminated with residual magic.
Nothing appears to happen.
The sky beast hits you but does no damage.
Unknown command.
Casting: Flame Tongue (safe; 19% risk of failure)
Confirm with . or Enter, or press ? or * to list all spells.
You don't have enough magic to cast that spell.
You hit the sky beast but do no damage. The sky beast hits you.
The sky beast shocks you. You resist.
* * * LOW HITPOINT WARNING * * *
You hit the sky beast but do no damage.
The sky beast hits you but does no damage.
You hit the sky beast but do no damage. The sky beast hits you.
* * * LOW HITPOINT WARNING * * *
The sky beast shocks you. You resist.
* * * LOW HITPOINT WARNING * * *
The sky beast misses you. The sky beast closely misses you. The worm bites you.
You die...

........$
..........
..........
..........
.....
..#######
#..###......#
#...##......#
#.#w##.<....#
#...##..@...#
##..##..wY.<#
#.÷.!......#
#..##......#
#..#####.###
#...# #.#
#...# #.#
..... #.#
##..#. ...


You could see a sky beast and a worm.

Vanquished Creatures
  An adder (D:2)
  A dart slug (D:1)
  A leopard gecko (D:1)
  A giant cockroach (D:1)
  4 goblins (D:1)
  4 hobgoblins (D:1)
  A kobold (D:1)
  2 bats
  2 frilled lizards (D:1)
  3 rats (D:1)
20 creatures vanquished.

Notes
Turn   | Place    | Note
-------+----------+-------------------------------------------
     0 | D:1      | whitewolfNL the Gargoyle Fire Elementalist began the quest
                  | for the Orb.
     0 | D:1      | Reached XP level 1. HP: 10/10 MP: 3/3
   453 | D:1      | Reached XP level 2. HP: 15/15 MP: 0/5
  1441 | D:2      | Reached XP level 3. HP: 13/19 MP: 2/6
  1466 | D:2      | Noticed a sky beast
  1487 | D:2      | Slain by a worm

Action                   || total
-------------------------++-------
Melee: Unarmed           ||    23
       Club              ||    43
 Cast: Flame Tongue      ||    26
  Eat: Ration            ||     1
Armor: Ring mail         ||    55
Dodge: Dodged            ||    61
